 Dungeon Crawl Stone Soup version 0.23.2-33-g5129a83184 (webtiles) character file.

Game seed: 17151678034356736395

13204 FishyPogo the Nimble (level 11, -4/97 HPs)
             Began as a Green Draconian Skald on Aug 5, 2019.
             Was a High Priest of Qazlal.
             Slain by Jorgrun
             ... wielding a +0 quarterstaff of crushing
              (8 damage)
             ... while petrified by Jorgrun
             ... on level 11 of the Dungeon.
             The game lasted 01:17:32 (9779 turns).

FishyPogo the Nimble (Green Draconian Skald)        Turns: 9779, Time: 01:17:33

Health: -4/97      AC:  9    Str: 20    XL:     11   Next: 72%
Magic:  24/24      EV:  2    Int: 12    God:    Qazlal [*****.]
Gold:   933        SH:  0    Dex: 11    Spells: 8/16 levels left

rFire    . . .     SeeInvis .   b - +11 hand axe "Voum" {holy, rN+ Str+4 Int-2 Stlth+}
rCold    . . .     Gourm    .   (no shield)
rNeg     + + +     Faith    .   (armour unavailable)
rPois    ∞         Spirit   .   (helmet restricted)
rElec    .         Reflect  .   H - +0 cloak
rCorr    .         Harm     .   (no gloves)
MR       .....                  D - +0 pair of boots
Stlth    +.........             (no amulet)
HPRegen  0.26/turn              J - ring of magical power (curse)
MPRegen  0.19/turn              (no ring)

@: short of breath, petrified, repel missiles
A: breathe noxious fumes, unfitting armour, poison resistance, cold-blooded, AC
+7
a: Breathe Noxious Fumes, Upheaval, Elemental Force, Disaster Area, Renounce
Religion


You were on level 11 of the Dungeon.
You worshipped Qazlal.
Qazlal was extremely pleased with you.
You were not hungry.

You visited 1 branch of the dungeon, and saw 12 of its levels.
You also visited: Ice Cave.

You collected 933 gold pieces.

Inventory:

Hand Weapons
 a - a +5 spear
 b - the +11 hand axe "Voum" (weapon) {holy, rN+ Str+4 Int-2 Stlth+}
   (You took it off an orc on level 4 of the Dungeon)

   It has been blessed by the Shining One to cause great damage to the undead
   and demons.
   It affects your strength (+4).
   It affects your intelligence (-2).
   It protects you from negative energy.
   It makes you more stealthy.
 K - a +0 hand crossbow of freezing
Missiles
 d - 323 stones (quivered)
 k - 2 throwing nets
 z - 4 tomahawks of returning
Armour
 x - a scarf of resistance
 D - a +0 pair of boots (worn)
 H - a +0 cloak (worn)
Jewellery
 G - an uncursed ring of fire
 J - a cursed ring of magical power (left hand)
Wands
 u - a wand of disintegration (22)
 y - a wand of enslavement (8)
 A - a wand of clouds (4)
 B - a wand of paralysis (5)
 E - a wand of digging (4)
Scrolls
 e - 4 scrolls of identify
 g - a scroll of remove curse
 j - a scroll of fog
 l - 3 scrolls of fear
 o - 8 scrolls of teleportation
 q - a scroll of amnesia
 s - a scroll of summoning
 w - a scroll of blinking
 L - a scroll of brand weapon {unknown}
 M - a scroll of random uselessness {unknown}
Potions
 h - 3 potions of berserk rage
 i - 3 potions of agility
 m - a potion of heal wounds
 n - 2 potions of haste
 p - a potion of ambrosia
 r - 3 potions of resistance
 t - 3 potions of curing
 v - 2 potions of might
 C - 3 potions of lignification
 F - 3 potions of flight
 I - a potion of brilliance
Comestibles
 c - 23 rations


   Skills:
 + Level 9.4 Fighting
   Level 1.0 Short Blades
 + Level 8.0(8.3) Axes
 - Level 3.0(5.9) Polearms
 * Level 9.8 Dodging
 + Level 3.3 Unarmed Combat
 - Level 3.0 Spellcasting
 - Level 4.0 Charms
 - Level 7.0 Necromancy
 + Level 6.3 Invocations


You had 8 spell levels left.
You knew the following spells:

 Your Spells              Type           Power        Failure   Level  Hunger
a - Infusion              Chrm           ##..         4%          1    #......
b - Regeneration          Chrm/Necr      ###.......   8%          3    ###....
c - Animate Dead          Necr           N/A          14%         4    #####..

Your spell library contained the following spells:

 Spells                   Type           Power        Failure   Level  Hunger
 Animate Skeleton         Necr           N/A          1%          1    #......
 Pain                     Necr           ###.         1%          1    #......
 Vampiric Draining        Necr           ###.......   4%          3    ###....
 Song of Slaying          Chrm           ##......     7%          2    ###....
 Shroud of Golubria       Chrm/Tloc      #.........   16%         2    ###....
 Spectral Weapon          Hex/Chrm       #.......     32%         3    ###....


Dungeon Overview and Level Annotations

Branches:
Dungeon (12/15)            Temple (0/1) D:5            Lair (0/6) D:9
    Orc (0/2) D:11

Altars:
Dithmenos
Elyvilon
Qazlal
Sif Muna
Uskayaw
Wu Jian
Yredelemnul

Shops:
D:5 %   D:10 (

Annotations:
D:11 Jorgrun


Innate Abilities, Weirdness & Mutations

You can breathe blasts of noxious fumes.
Your lurid green scales are hard. (AC +7)
You cannot fit into any form of body armour.
Your system is resistant to poisons. (rPois)
You are cold-blooded and may be slowed by cold attacks.


Message History

You are slowing down.
* * * LOW HITPOINT WARNING * * *
The grasping roots constrict you!
You feel much better. Jorgrun hits you but does no damage.
The grasping roots constrict you!!
Your limbs are stiffening.
You eat one of the 24 rations.
That ration really hit the spot!
Jorgrun mutters some incantations to himself.
Jorgrun hits you with a +0 quarterstaff of crushing!
* * * LOW HITPOINT WARNING * * *
x2 The grasping roots constrict you!
You have turned to stone.
Jorgrun hits you with a +0 quarterstaff of crushing.
* * * LOW HITPOINT WARNING * * *
The grasping roots constrict you!
The grasping roots release their grip on you.
Jorgrun is struck by lightning.
Jorgrun hits you with a +0 quarterstaff of crushing!!
* * * LOW HITPOINT WARNING * * *
x2 You are no longer magically infusing your attacks.
Jorgrun hits you with a +0 quarterstaff of crushing!
You die...

#####'## #.....
#......# ##...#
#......# #..##
#......# #..##
#......# #....
#......# ###....
#..)...#
####....##
#...§..#
###....####
#....@☼####...####
#...g°.○....###
#..°.○☼.#####
##'####..# #..#
##># ##.# ###
###.#####
#########
#.......#
#..<....#
#.......#
#.......#


You could see Jorgrun.

Vanquished Creatures
  A two-headed ogre (D:7)
  An ugly thing (D:11)
  A guardian serpent (D:9)
  Maurice (D:9)
  2 ice statues (IceCv)
  2 rime drakes (IceCv)
  A yaktaur (D:11)
  A hornet (D:10)
  2 trolls
  A human (D:9)
  A basilisk (D:11)
  10 yaks
  3 hogs (D:9)
  A hungry ghost (D:10)
  3 wargs (D:9)
  A water moccasin (D:8)
  2 sky beasts
  An eye of draining (D:6)
  A phantom (D:8)
  A hornet zombie (D:10)
  15 ice beasts
  5 orc warriors
  4 ogres
  A black bear (D:8)
  6 centaurs
  2 big kobolds
  11 bullfrogs
  5 scorpions
  6 killer bees
  3 howler monkeys
  4 crimson imps
  3 jellies
  A bullfrog zombie (D:10)
  A quasit (D:5)
  10 orc priests
  12 orc wizards
  5 hounds
  2 centaur skeletons
  A gnoll shaman (D:6)
  2 bullfrog skeletons
  2 iguanas
  Jessica (D:3)
  Ijyb (D:3)
  Natasha (thrice) (D:3)
  8 worker ants
  A killer bee zombie (D:5)
  2 worker ant zombies
  7 adders
  7 gnolls
  2 shadow imps
  2 adder zombies
  5 adder skeletons
  2 worms (D:2)
  A dart slug (D:3)
  10 leopard geckos
  44 orcs
  6 ball pythons
  2 giant cockroaches
  9 goblins
  6 hobgoblins
  8 jackals
  16 kobolds
  5 quokkas
  5 bats
  5 frilled lizards
  A giant cockroach zombie (D:6)
  2 jackal skeletons
  A quokka skeleton (D:5)
  11 rats
311 creatures vanquished.

Vanquished Creatures (collateral kills)
  A quokka (D:8)
1 creature vanquished.

Grand Total: 312 creatures vanquished

Notes
Turn   | Place    | Note
-------+----------+-------------------------------------------
     0 | D:1      | FishyPogo the Draconian Skald began the quest for the Orb.
     0 | D:1      | Reached XP level 1. HP: 17/17 MP: 3/3
   441 | D:1      | Reached XP level 2. HP: 13/25 MP: 5/5
  1086 | D:2      | Reached XP level 3. HP: 23/30 MP: 0/6
  1368 | D:2      | Found a faded altar of an unknown god.
  1375 | D:2      | Became a worshipper of Qazlal Stormbringer
  1375 | D:2      | Reached * piety under Qazlal
  1615 | D:2      | Found a hide-covered altar of Uskayaw.
  1723 | D:2      | Found a deep blue altar of Sif Muna.
  1927 | D:2      | Reached XP level 4. HP: 34/37 MP: 3/7
  1933 | D:2      | Reached skill level 1 in Short Blades
  2028 | D:2      | Found a white marble altar of Elyvilon.
  2028 | D:2      | Found a shadowy altar of Dithmenos.
  2029 | D:2      | Found an ornate altar of the Wu Jian Council.
  2063 | D:2      | Found a basalt altar of Yredelemnul.
  2176 | D:3      | Noticed Jessica
  2188 | D:3      | Killed Jessica
  2211 | D:3      | Reached ** piety under Qazlal
  2227 | D:3      | Reached skill level 1 in Polearms
  2296 | D:3      | Reached XP level 5. HP: 26/45 MP: 8/8
  2474 | D:3      | Noticed Natasha
  2479 | D:3      | Killed Natasha
  2537 | D:3      | Learned a level 3 spell: Regeneration
  2613 | D:3      | Noticed Natasha
  2629 | D:3      | Killed Natasha
  2792 | D:3      | Noticed Natasha
  2804 | D:3      | Killed Natasha
  2819 | D:3      | Noticed Ijyb
  2845 | D:3      | Killed Ijyb
  2911 | D:3      | Reached XP level 6. HP: 32/51 MP: 7/10
  3145 | D:4      | Reached skill level 1 in Necromancy
  3314 | D:4      | Identified the +11 hand axe "Voum" {holy, rN+ Str+4 Int-2
                  | Stlth+}
  3442 | D:4      | Your scales start taking on a lurid green colour.
  3442 | D:4      | Reached XP level 7. HP: 56/58 MP: 11/11
  3442 | D:4      | Gained mutation: Your system is resistant to poisons.
                  | (rPois) [Green Draconian growth]
  3689 | D:5      | Entered Level 5 of the Dungeon
  3725 | D:5      | Reached *** piety under Qazlal
  3888 | D:5      | Found Yguom's Food Shop.
  3939 | D:5      | Reached XP level 8. HP: 54/67 MP: 7/12
  3962 | D:5      | Found a deep blue altar of Sif Muna.
  4072 | D:5      | Found a staircase to the Ecumenical Temple.
  4216 | D:6      | Learned a level 4 spell: Animate Dead
  4418 | D:6      | Reached skill level 5 in Fighting
  4418 | D:6      | Reached skill level 5 in Axes
  4505 | D:6      | Reached **** piety under Qazlal
  4538 | D:6      | Reached skill level 5 in Dodging
  4700 | D:6      | Reached XP level 9. HP: 73/75 MP: 9/13
  5144 | D:7      | Noticed a two-headed ogre
  5154 | D:7      | Killed a two-headed ogre
  5154 | D:7      | Reached skill level 5 in Necromancy
  5154 | D:7      | Reached skill level 1 in Invocations
  5932 | D:8      | Reached XP level 10. HP: 60/86 MP: 3/14
  6113 | D:8      | Reached ***** piety under Qazlal
  6478 | D:8      | Found a flagged portal.
  7053 | D:9      | Found a staircase to the Lair.
  7165 | D:9      | Noticed Maurice
  7185 | D:9      | Killed Maurice
  7488 | D:9      | Noticed a guardian serpent
  7501 | D:9      | Killed a guardian serpent
  7501 | D:9      | Reached skill level 5 in Invocations
  7772 | D:10     | Entered Level 10 of the Dungeon
  7788 | D:10     | Reached XP level 11. HP: 77/95 MP: 6/15
  7801 | D:10     | Reached skill level 1 in Unarmed Combat
  8274 | D:10     | Found Gitu's Antique Weapon Shoppe.
  8692 | D:11     | Noticed a cyan ugly thing
  8719 | D:11     | Killed a cyan ugly thing
  8833 | D:11     | Found a staircase to the Orcish Mines.
  8855 | D:11     | Found a shadowy altar of Dithmenos.
  9159 | D:12     | Found a frozen archway.
  9173 | IceCv    | Entered an ice cave
  9537 | IceCv    | Noticed an ice dragon
  9537 | IceCv    | Noticed an ice dragon
  9764 | D:12     | Noticed a green ugly thing
  9764 | D:12     | Noticed Jorgrun
  9778 | D:11     | HP: 4/97 [Jorgrun/+0 quarterstaff of crushing (1)]
  9779 | D:11     | Slain by Jorgrun

Skill      XL: |  1  2  3  4  5  6  7  8  9 10 11 |
---------------+----------------------------------+-----
Charms         | 3 4 |  4.0
Short Blades   | 1 |  1.0
Polearms       | 1 3 |  3.0
Fighting       | 3 4 6 7 8 9 |  9.4
Dodging        | 3 5 7 8 9 |  9.8
Spellcasting   | 3 |  3.0
Necromancy     | 2 3 4 6 7 |  7.0
Axes           | 4 5 7 8 |  8.0
Invocations    | 2 5 6 |  6.3
Unarmed Combat | 3 |  3.3

Action                   |  1- 3 |  4- 6 |  7- 9 | 10-12 || total
-------------------------+-------+-------+-------+-------++-------
Melee: Hand axe          |    24 |     9 |   177 |   352 ||   562
       Dagger            |   100 |     7 |       |       ||   107
       Tailslap          |     4 |    17 |    29 |    60 ||   110
       Spear             |       |   192 |       |       ||   192
       Punch             |       |       |       |     4 ||     4
Throw: Stone             |     8 |    15 |    12 |    12 ||    47
 Cast: Infusion          |     3 |     8 |    24 |    20 ||    55
       Regeneration      |       |       |     7 |    19 ||    26
       Animate Dead      |       |       |       |     3 ||     3
Invok: Upheaval          |       |     2 |       |       ||     2
 Abil: Breathe Noxious F |       |       |     8 |    12 ||    20
  Use: Scroll            |       |       |    11 |    10 ||    21
       Potion            |       |       |       |     4 ||     4
 Stab: Confused          |       |       |     1 |     6 ||     7
  Eat: Chunk             |     3 |     6 |    11 |    17 ||    37
       Ration            |       |       |       |     1 ||     1
Armor: Skin              |    28 |    34 |    48 |    67 ||   177
Dodge: Dodged            |    86 |    87 |   118 |   232 ||   523
       Deflected         |       |       |     2 |     9 ||    11
Block: Other             |     2 |    12 |    28 |   121 ||   163
